 Dungeon Crawl Stone Soup version 0.17-a0-146-gd505748 (webtiles) character file.

791 Ngotmuk the Covered (level 7, -6/60 HPs)
             Began as a Demigod Fighter on Mar 25, 2015.
             Mangled by a big kobold
             ... wielding a +0 war axe
              (9 damage)
             ... on level 4 of the Dungeon.
             The game lasted 00:06:44 (2501 turns).

Ngotmuk the Covered (Demigod Fighter)               Turns: 2501, Time: 00:06:45

Health: -6/60      AC:  8    Str: 23    XL:     7   Next: 31%
Magic:  12/12      EV: 11    Int: 12    God:
Gold:   95         SH: 10    Dex: 15    Spells: 0 memorised, 6 levels left

rFire  . . .     SeeInvis .     h - +1 hand axe (vamp)
rCold  . . .     Clarity  .     j - +0 leather armour (curse)
rNeg   . . .     SustAb   +     c - +0 shield
rPois  .         Gourm    .     (no helmet)
rElec  .         Spirit   .     m - +2 cloak
rCorr  .         Warding  .     a - +0 pair of gloves
rMut   .         Stasis   .     (no boots)
MR     .....                    (no amulet)
Stlth  +.........               (no ring)
                                (no ring)

@: lethally poisoned (-6 -> -7), not resistant to hostile enchantments, very
unstealthy
A: sustain abilities
a: no special abilities


You were on level 4 of the Dungeon.
You were very hungry.

You visited 1 branch of the dungeon, and saw 4 of its levels.

You collected 95 gold pieces.

Inventory:

Hand weapons
 h - a +1 vampiric hand axe (weapon)
Armour
 a - a +0 pair of gloves (worn)
 c - a +0 shield (worn)
 j - a cursed +0 leather armour (worn)
 m - a +2 cloak (worn)
Jewellery
 s - an uncursed amulet of guardian spirit {unknown}
Scrolls
 d - 5 scrolls of identify {unknown}
 f - a scroll of magic mapping {unknown}
 l - 2 scrolls of remove curse {unknown}
 o - a scroll of fog {unknown}
 q - a scroll of teleportation {unknown}
Potions
 e - a potion of might
 i - 2 potions of brilliance {unknown}
 k - a potion of curing {unknown}
 n - 3 potions of heal wounds {unknown}
 t - a potion of resistance {unknown}
Comestibles
 b - a bread ration
 g - 2 meat rations
 p - 5 fruits
 r - a slice of pizza


   Skills:
 + Level 4.6 Fighting
   Level 2.4 Maces & Flails
 + Level 4.6 Armour
 + Level 3.6 Dodging
 + Level 4.4 Shields


You had 6 spell levels left.
You didn't know any spells.

Dungeon Overview and Level Annotations

Branches:
Dungeon (4/15)
 Temple: D:4-7


Innate Abilities, Weirdness & Mutations

Your attributes are resistant to harm.


Message History

The big kobold is heavily wounded.
You feel sick. The big kobold barely misses you.
You hit the big kobold.
The big kobold is almost dead.
The big kobold barely misses you.
You closely miss the big kobold.
The big kobold is almost dead.
You feel sick. The big kobold hits you with a war axe!
* * * LOW HITPOINT WARNING * * *
You hit the big kobold.
You feel better.
The big kobold is almost dead.
You block the big kobold's attack.
Your shield prevents you from hitting the big kobold.
The big kobold is almost dead.
You feel sick. The big kobold hits you with a war axe.
* * * LOW HITPOINT WARNING * * *
You barely miss the big kobold.
The big kobold is almost dead.
The big kobold hits you with a war axe!
You die... ..# #.# #.# #.# #.# ######### ### #.# ........ ..# #.# #......# #.# #K# #......# #.# #@# ####### #......# #.# #.# #pppp).

#......#####.###.#
#.#####
#................# #.#
....#........##########
#.#
....#########....>....#
#.#
...................p..#
#.#
....#########.........#
#.# .....#
###.........# #.#


You could see a big kobold.

Vanquished Creatures
  Pikel (D:4)
  A hound (D:4)
  A worker ant (D:4)
  Natasha (D:3)
  2 orc wizards (D:3)
  Ijyb (D:2)
  5 adders
  A giant mite (D:4)
  3 worms
  A giant gecko (D:3)
  13 orcs (D:3)
  7 bats
  8 giant cockroaches
  21 goblins
  16 hobgoblins
  A ball python (D:3)
  4 giant newts
  6 jackals
  6 kobolds
  5 rats
104 creatures vanquished.

Notes
Turn   | Place    | Note
--------------------------------------------------------------
     0 | D:1      | Ngotmuk, the Demigod Fighter, began the quest for the Orb.
     0 | D:1      | Reached XP level 1. HP: 18/18 MP: 2/2
   150 | D:1      | Reached XP level 2. HP: 22/25 MP: 3/3
   417 | D:2      | Reached skill level 3 in Fighting
   467 | D:2      | Found a shadowy altar of Dithmenos.
   498 | D:2      | Found a shattered altar of Ashenzari.
   553 | D:2      | Noticed Ijyb
   564 | D:2      | Reached XP level 3. HP: 29/31 MP: 5/5
   568 | D:2      | Killed Ijyb
   721 | D:2      | Reached skill level 1 in Dodging
   731 | D:2      | Found an opulent altar of Gozag.
   801 | D:2      | Found a shimmering altar of Xom.
   802 | D:2      | Found a shimmering altar of Xom.
   811 | D:2      | Reached XP level 4. HP: 31/38 MP: 7/7
   815 | D:2      | Found a shimmering altar of Xom.
   854 | D:2      | Found a shimmering altar of Xom.
   854 | D:2      | Found a shimmering altar of Xom.
   855 | D:2      | Found a shimmering altar of Xom.
   857 | D:2      | Found a shimmering altar of Xom.
   857 | D:2      | Found a shimmering altar of Xom.
  1262 | D:3      | Noticed Natasha
  1269 | D:3      | Killed Natasha
  1284 | D:3      | Reached XP level 5. HP: 11/45 MP: 8/8
  1402 | D:3      | Found a radiant altar of Vehumet.
  1557 | D:3      | Found a bloodstained altar of Trog.
  1992 | D:4      | Noticed a slave
  1993 | D:4      | Noticed Pikel
  1994 | D:4      | Noticed a slave
  1995 | D:4      | Noticed a slave
  1995 | D:4      | Noticed a slave
  2028 | D:4      | Killed Pikel
  2028 | D:4      | Reached skill level 4 in Fighting
  2028 | D:4      | Reached XP level 6. HP: 23/53 MP: 10/10
  2028 | D:4      | Reached XP level 7. HP: 26/60 MP: 12/12
  2500 | D:4      | HP: 3/60 [big kobold/war axe (6)]
  2501 | D:4      | Mangled by a big kobold

Action                   |  1- 3 |  4- 6 |  7- 9 || total
-------------------------+-------+-------+-------++-------
Melee: Flail             |    37 |       |       ||    37
       Hand axe          |    91 |   170 |    86 ||   347
 Stab: Sleeping          |     1 |       |       ||     1
  Eat: Bread ration      |     1 |       |       ||     1
       Meat ration       |       |     1 |       ||     1
